 Dungeon Crawl Stone Soup version 0.21-a0-525-ga34b322 (webtiles) character file.

11485 Amnesiac the Protected (level 11, -7/84 HPs)
             Began as a Mummy Arcane Marksman on Dec 8, 2017.
             Was a High Priest of Okawaru.
             Mangled by a killer bee (11 damage)
             ... on level 11 of the Dungeon.
             The game lasted 00:28:48 (13509 turns).

Amnesiac the Protected (Mummy Arcane Marksman)     Turns: 13509, Time: 00:28:49

Health: -7/84      AC: 23    Str: 19    XL:     11   Next: 49%
Magic:  10/13      EV: 10    Int: 13    God:    Okawaru [*****.]
Gold:   714        SH:  0    Dex: 13    Spells: 9/12 levels left

rFire    x . .     SeeInvis .   a - +0 shortbow
rCold    + + .     Gourm    .   (shield currently unavailable)
rNeg     + + +     Faith    +   I - +1 chain mail {rC+}
rPois    ∞         Spirit   .   u - +2 helmet
rElec    .         Reflect  .   r - +0 cloak
rCorr    .         Harm     .   G - +0 pair of gloves (curse)
MR       +....                  w - +0 pair of boots
Stlth    ..........             g - amulet of faith
HPRegen  0.24/turn              F - +3 ring of protection
MPRegen  0.13/turn              n - +3 ring of strength

@: about to teleport, barbed spikes
A: no food or potions, fire vulnerability, cold resistance 1, negative energy
resistance 3, torment resistance, unbreathing
a: Heroism, Finesse, Renounce Religion


You were on level 11 of the Dungeon.
You worshipped Okawaru.
Okawaru was extremely pleased with you.
You were not hungry.

You visited 3 branches of the dungeon, and saw 13 of its levels.
You also visited: Sewer.

You collected 714 gold pieces.

Inventory:

Hand Weapons
 a - a +0 shortbow (weapon)
 s - a +3 quarterstaff of chaos
 t - a +0 blowgun
 z - a +1 hand axe of electrocution
 A - a +3 hunting sling of flaming
Missiles
 d - 358 arrows (quivered)
 h - 344 stones
 x - 41 sling bullets
Armour
 f - a +0 plate armour
 r - a +0 cloak (worn)
 u - a +2 helmet (worn)
 w - a +0 pair of boots (worn)
 G - a cursed +0 pair of gloves (worn)
 I - a +1 chain mail of cold resistance (worn)
 K - a scarf of spirit shield
Jewellery
 e - a +2 ring of dexterity
 g - an amulet of faith (around neck)
 n - a +3 ring of strength (right hand)
 C - an uncursed ring of magical power
 F - a +3 ring of protection (left hand)
Wands
 b - a wand of polymorph (40)
 o - a wand of random effects (35)
 y - a wand of digging (10)
 E - a wand of flame (57)
Scrolls
 i - 4 scrolls of magic mapping {!r}
 k - 2 scrolls of enchant weapon {!r}
 m - 2 scrolls of immolation {!r}
 p - 3 scrolls of teleportation {!r}
 q - 3 scrolls of amnesia {!r}
 v - 6 scrolls of remove curse {!r}
 B - a scroll of fog {!r}
 H - a scroll of torment {!r}
 J - 5 scrolls of identify {!r}
Books
 c - a book of Debilitation

   Spells                             Type                      Level
   a - Corona                         Hexes                        1
   b - Slow                           Hexes                        2
   c - Inner Flame                    Hexes/Fire                   3
   d - Portal Projectile              Hexes/Translocation          3
   e - Cause Fear                     Hexes                        4
   f - Leda's Liquefaction            Hexes/Earth                  4
 j - a book of Misfortune

   Spells                             Type                      Level
   a - Confusing Touch                Hexes                        1
   b - Confuse                        Hexes                        3
   c - Gell's Gravitas                Translocation                3
   d - Petrify                        Transmutation/Earth          4
   e - Metabolic Englaciation         Hexes/Ice                    5
   f - Yara's Violent Unravelling     Hexes/Transmutation          5
 l - a book of Cantrips

   Spells                             Type                      Level
   a - Confusing Touch                Hexes                        1
   b - Animate Skeleton               Necromancy                   1
   c - Summon Small Mammal            Summoning                    1
   d - Apportation                    Translocation                1
 D - a book of Power

   Spells                             Type                      Level
   a - Iskenderun's Battlesphere      Conjuration/Charms           5
   b - Venom Bolt                     Conjuration/Poison           5
   c - Bolt of Magma                  Conjuration/Fire/Earth       5
   d - Iron Shot                      Conjuration/Earth            6
   e - Orb of Destruction             Conjuration                  7
   f - Spellforged Servitor           Conjuration/Summoning        7


   Skills:
 - Level 7.0 Fighting
 - Level 9.0 Bows
 - Level 9.6 Armour
 + Level 6.2 Dodging
 - Level 1.3 Spellcasting
 - Level 2.6 Hexes


You had 9 spell levels left.
You knew the following spells:

 Your Spells              Type           Power        Failure   Level  Hunger
a - Corona                Hex            #......      56%         1    N/A
e - Slow                  Hex            #.......     71%         2    N/A

Dungeon Overview and Level Annotations

Branches:
Dungeon (11/15)            Temple (1/1) D:7            Lair (0/6) D:9
    Orc (1/2) D:10

Altars:
Ashenzari
Cheibriados
Elyvilon
Fedhas
Gozag
Hepliaklqana
Kikubaaqudgha
Makhleb
Nemelex Xobeh
Okawaru
Qazlal
Ru
Sif Muna
Trog
Uskayaw
Wu Jian
Xom
Yredelemnul
Zin
The Shining One

Shops:
D:10 %   Orc:1 =

Annotations:
D:11 4 runed doors, Maurice


Innate Abilities, Weirdness & Mutations

You do not eat or drink.
Your flesh is vulnerable to fire.
You are immune to poison.
Your flesh is cold resistant. (rC+)
You are immune to negative energy. (rN+++)
You are immune to unholy pain and torment.
You can survive without breathing.


Message History

You feel a bit more experienced. The crimson imp puffs mist at you.
The killer bee barely misses you.
The killer bee stings you but does no damage.
You hit the killer bee.
The killer bee is poisoned.
The killer bee is lightly wounded.
The killer bee barely misses you.
The killer bee stings you but does no damage.
You barely miss the killer bee.
The killer bee is moderately wounded.
The killer bee stings you but does no damage. x2
The killer bee stings you.
* * * LOW HITPOINT WARNING * * *
You miss the killer bee.
The killer bee is severely wounded.
You kill the killer bee!
Okawaru accepts your kill.
The killer bee stings you but does no damage. x2
You hit the killer bee but do no damage.
The killer bee stings you.
* * * LOW HITPOINT WARNING * * *
The killer bee stings you but does no damage. x2
You hit the killer bee.
The killer bee goes berserk!
The killer bee is moderately wounded.
The killer bee stings you but does no damage.
The killer bee stings you!
* * * LOW HITPOINT WARNING * * *
The killer bee closely misses you.
The killer bee stings you but does no damage.
You barely miss the killer bee.
The killer bee is moderately wounded.
The killer bee barely misses you.
The killer bee stings you but does no damage. x2
Your chain mail prevents you from hitting the killer bee.
The killer bee is moderately wounded.
The killer bee closely misses you. The killer bee stings you!
* * * LOW HITPOINT WARNING * * *
The killer bee stings you but does no damage.
The killer bee closely misses you.
You sock the killer bee! You burn the killer bee.
The killer bee is almost dead.
The killer bee stings you.
* * * LOW HITPOINT WARNING * * *
The killer bee stings you but does no damage. x2
The killer bee stings you.
* * * LOW HITPOINT WARNING * * *
Maurice the Thief comes into view.
He is wielding a dagger.
Unknown command.
Okay, then.
Unknown command.
Okay, then.
You can't drink.
Unknown command.
Really read
p - 4 scrolls of teleportation {!r}?
As you read the scroll of teleportation {!r}, it crumbles to dust.
You feel strangely unstable. The killer bee barely misses you. x2
The killer bee stings you but does no damage.
Okay, then.
Unknown command.
Wield which item (- for none, * to show all)? (? for menu, Esc to quit)
Okay, then.
a - a +0 shortbow (weapon)
The killer bee stings you!
You die...

##### #P.%##
....%# # .P.♣%#
... P[..%#
..@.5#############
#..%##
....yyy@>........#
#####
.....###########.#
.## ... #.# ..# .
#.##### ..#
#.....# ..#
#######.# .[###
#.......# ....#
#.####### ....#
#.#


You could see Maurice, 3 killer bees and a crimson imp.

Vanquished Creatures
  2 two-headed ogres
  A manticore (D:11)
  An ugly thing (D:7)
  Joseph (D:6)
  The ghost of Roxy the Cudgeler, a novice FoFi (D:5)
  3 trolls
  A hippogriff (D:11)
  7 yaks
  A vampire (D:11)
  Sigmund (D:4)
  Grum (D:11)
  A soldier ant (D:11)
  A water moccasin (D:8)
  3 porcupines (D:9)
  2 ice beasts
  2 black bears
  6 orc warriors
  A necrophage (D:7)
  3 wolves (D:11)
  2 ogres
  2 centaurs
  A crocodile (Sewer)
  4 bullfrogs
  A big kobold (D:10)
  2 scorpions
  13 killer bees
  14 wights
  3 howler monkeys
  4 centaur zombies
  4 crimson imps
  2 bullfrog zombies
  A quasit (D:11)
  13 orc priests
  5 hounds
  5 jellies
  11 orc wizards
  A bullfrog skeleton (D:9)
  An iguana (D:8)
  Crazy Yiuf (D:3)
  Natasha (thrice) (D:3)
  Terence (D:2)
  6 worker ants
  A hound zombie (D:10)
  Robin (D:3)
  8 gnolls
  14 adders
  A river rat (D:4)
  4 shadow imps
  An ooze (D:7)
  An adder skeleton (D:7)
  2 worms
  2 dart slugs
  3 leopard geckos
  42 orcs
  4 ball pythons
  14 bats
  6 giant cockroaches
  13 goblins
  7 hobgoblins
  13 jackals
  12 kobolds
  6 quokkas
  5 frilled lizards
  A leopard gecko skeleton (D:4)
  A leopard gecko zombie (D:7)
  2 quokka skeletons
  10 rats
313 creatures vanquished.

Vanquished Creatures (others)
  A tengu conjurer (D:11)
  18 fungi (D:9)
  8 plants (D:9)
27 creatures vanquished.

Grand Total: 340 creatures vanquished

Notes
Turn   | Place    | Note
-------+----------+-------------------------------------------
     0 | D:1      | Amnesiac the Mummy Arcane Marksman began the quest for the Orb.
     0 | D:1      | Reached XP level 1. HP: 15/15 MP: 2/2
   133 | D:1      | Reached XP level 2. HP: 18/21 MP: 4/4
   581 | D:1      | Reached XP level 3. HP: 27/27 MP: 5/5
   776 | D:2      | Noticed Terence
   813 | D:2      | Killed Terence
   912 | D:2      | Reached XP level 4. HP: 22/33 MP: 6/6
  1573 | D:3      | Noticed Sigmund
  1654 | D:3      | Reached XP level 5. HP: 38/40 MP: 7/7
  1714 | D:3      | Noticed Robin
  1730 | D:3      | Killed Robin
  1890 | D:3      | Found a stormy altar of Qazlal.
  1937 | D:3      | Found a snail-covered altar of Cheibriados.
  2086 | D:3      | Noticed Natasha
  2099 | D:3      | Killed Natasha
  2765 | D:3      | Found a runed door.
  2772 | D:3      | Learned a level 2 spell: Slow
  2772 | D:3      | Noticed Crazy Yiuf
  2776 | D:3      | Killed Crazy Yiuf
  2776 | D:3      | Reached XP level 6. HP: 43/47 MP: 8/8
  2811 | D:3      | Noticed Natasha
  2818 | D:3      | Killed Natasha
  2939 | D:4      | Found a glowing drain.
  3003 | Sewer    | Entered a sewer
  3075 | Sewer    | Reached skill level 5 in Bows
  3187 | D:4      | Reached XP level 7. HP: 54/54 MP: 9/9
  3382 | D:3      | Noticed Natasha
  3396 | D:3      | Killed Natasha
  3542 | D:4      | Found a stormy altar of Qazlal.
  3791 | D:4      | Found a glowing golden altar of the Shining One.
  3960 | D:5      | Entered Level 5 of the Dungeon
  4216 | D:5      | Noticed Roxy's ghost (novice FoFi)
  4422 | D:5      | Reached skill level 5 in Fighting
  4454 | D:5      | Found an opulent altar of Gozag.
  5021 | D:4      | Killed Sigmund
  5021 | D:4      | Reached XP level 8. HP: 58/62 MP: 10/10
  5248 | D:5      | Found an opulent altar of Gozag.
  5316 | D:5      | Killed Roxy's ghost
  6096 | D:6      | Reached skill level 1 in Armour
  6346 | D:6      | Found a hazy altar of Hepliaklqana.
  7124 | D:7      | Found a staircase to the Ecumenical Temple.
  7131 | Temple   | Entered the Ecumenical Temple
  7139 | Temple   | Became a worshipper of Warmaster Okawaru
  7183 | D:7      | Noticed Joseph
  7185 | D:7      | Reached XP level 9. HP: 64/69 MP: 11/11
  7255 | D:6      | Killed Joseph
  7255 | D:6      | Reached * piety under Okawaru
  7546 | D:6      | Reached skill level 5 in Armour
  7752 | D:7      | Found a burning altar of Makhleb.
  8380 | D:7      | You fall through a shaft for 3 floors!
  8380 | D:10     | Entered Level 10 of the Dungeon
  8410 | D:10     | Found a staircase to the Orcish Mines.
  8566 | D:10     | Reached ** piety under Okawaru
  8597 | D:10     | Reached XP level 10. HP: 31/77 MP: 12/12
  8657 | D:10     | Reached *** piety under Okawaru
  8768 | D:10     | Received a gift from Okawaru
  9228 | D:10     | Found Hiced's Food Boutique.
  9826 | D:9      | Reached **** piety under Okawaru
  9873 | D:9      | Noticed a two-headed ogre
 10000 | D:8      | Received a gift from Okawaru
 10821 | D:8      | Noticed a red ugly thing
 10864 | D:7      | Killed a red ugly thing
 11064 | D:8      | Found a glowing silver altar of Zin.
 11155 | D:9      | Killed a two-headed ogre
 11155 | D:9      | Reached ***** piety under Okawaru
 11155 | D:9      | Received a gift from Okawaru
 11337 | D:9      | Received a gift from Okawaru
 11337 | D:9      | Reached XP level 11. HP: 77/84 MP: 13/13
 11657 | D:9      | Found a bloodstained altar of Trog.
 11802 | D:9      | Found an ornate altar of the Wu Jian Council.
 11936 | D:9      | Found a staircase to the Lair.
 12220 | Orc:1    | Entered Level 1 of the Orcish Mines
 12220 | Orc:1    | Found Etwa's Jewellery Shop.
 12238 | Orc:1    | Noticed a stone giant
 12459 | D:11     | Found a runed door.
 12473 | D:11     | Noticed a two-headed ogre
 12493 | D:11     | Found a runed door.
 12508 | D:11     | Killed a two-headed ogre
 12508 | D:11     | Received a gift from Okawaru
 12508 | D:11     | Received a gift from Okawaru
 12689 | D:11     | Found a runed door.
 12719 | D:11     | Found a runed door.
 12783 | D:11     | Noticed Grum
 12797 | D:11     | Killed Grum
 12808 | D:11     | Reached skill level 5 in Dodging
 13484 | D:11     | Received a gift from Okawaru
 13507 | D:11     | HP: 4/84 [killer bee (4)]
 13508 | D:11     | Noticed Maurice
 13509 | D:11     | Mangled by a killer bee

Vault maps used:
D:1:      dpeg_arrival_windows_large_door
D:2:      uniq_terence
D:3:      overflow_temple_1_default, serial_forest,
          infiniplex_forest_straight_4, infiniplex_forest_end_2,
          infiniplex_forest_clump_tiny, infiniplex_forest_lined_room_3,
          infiniplex_forest_lined_4_way, infiniplex_forest_zigzag_2,
          infiniplex_forest_clump_medium, palyth_stone_intersect,
          grunt_decor_fettered, grunt_qazlal_clouds, uniq_robin, uniq_natasha,
          uniq_sigmund, uniq_crazy_yiuf_cottage
D:4:      nicolae_tso_carved_into_rock, lemuel_coloured_pillars_altar,
          cheibrodos_sewer_entry_sluice
D:5:      first_bread, nicolae_gozag_cash_rules_everything_around_me
D:6:      kennysheep_mini_moat
D:7:      temple_green, makhleb_heckhound_becter, uniq_joseph
D:8:      zin_scriptorium
D:9:      marbit_many_paths, grunt_lair_entry_orc_guard_hut, bloody_trog
D:10:     orc_0_dummy, serial_shops, kennysheep_little_box
D:11:     grunt_tengu_nest, minmay_statue_crystal_thing, uniq_maurice, uniq_grum
Temple:   nicolae_temple_x_marks_the_god
Orc:1:    serial_shops, shop, nicolae_orc_pool_cavern, nicolae_orc_lost_temple
Sewer:    sewer_big_baddie

Skill      XL: |  1  2  3  4  5  6  7  8  9 10 11 |
---------------+----------------------------------+-----
Bows           | 2 3 4 5 6 7 9 |  9.0
Fighting       | 2 3 4 5 6 7 |  7.0
Armour         | 3 7 9 |  9.6
Dodging        | 6 |  6.2
Spellcasting   | |  1.3
Hexes          | |  2.6

Action                   |  1- 3 |  4- 6 |  7- 9 | 10-12 || total
-------------------------+-------+-------+-------+-------++-------
Melee: Quarterstaff      |       |       |   146 |   265 ||   411
       Hand axe          |       |       |       |    95 ||    95
 Fire: Shortbow          |    66 |    41 |    15 |    14 ||   136
       Hunting sling     |    69 |   287 |   444 |   200 ||  1000
Throw: Stone             |       |     1 |       |       ||     1
 Cast: Corona            |     1 |       |       |       ||     1
Invok: Heroism           |       |       |       |     5 ||     5
       Finesse           |       |       |       |     2 ||     2
  Use: Scroll            |     4 |     3 |     2 |     5 ||    14
 Stab: Distracted        |       |       |       |     1 ||     1
       Confused          |       |       |       |     2 ||     2
       Paralysed         |       |       |       |     1 ||     1
Armor: Plate armour      |    77 |   187 |   360 |   398 ||  1022
       Robe              |     1 |       |       |       ||     1
       Chain mail        |       |       |       |   146 ||   146
Dodge: Dodged            |    11 |    62 |   136 |   263 ||   472

Table legend:
 A = Spawn XP
 B = Non-spawn XP
 C = Spawn XP percentage of total XP
 D = Spawn monster count
 E = Non-spawn monster count
 F = Spawn count percentage of total count
 G = Total turns spent on level
                    A         B        C        D         E        F      G
               +---------+---------+-------+---------+---------+-------+---------
         Total |       0 |   16408 |   0.0 |       0 |     314 |   0.0 | 13509
               +---------+---------+-------+---------+---------+-------+---------
           D:1 |       0 |      41 |   0.0 |       0 |      24 |   0.0 |   752
           D:2 |       0 |     131 |   0.0 |       0 |      30 |   0.0 |   795
           D:3 |       0 |     353 |   0.0 |       0 |      37 |   0.0 |  1387
           D:4 |       0 |     590 |   0.0 |       0 |      18 |   0.0 |   963
           D:5 |       0 |     683 |   0.0 |       0 |      10 |   0.0 |  1801
           D:6 |       0 |    1195 |   0.0 |       0 |      38 |   0.0 |  1441
           D:7 |       0 |    1929 |   0.0 |       0 |      37 |   0.0 |  1785
           D:8 |       0 |     874 |   0.0 |       0 |      18 |   0.0 |   608
           D:9 |       0 |    3691 |   0.0 |       0 |      40 |   0.0 |  1582
          D:10 |       0 |    2951 |   0.0 |       0 |      28 |   0.0 |  1171
          D:11 |       0 |    3530 |   0.0 |       0 |      27 |   0.0 |  1052
         Orc:1 |       0 |     333 |   0.0 |       0 |       1 |   0.0 |    31
         Sewer |       0 |     107 |   0.0 |       0 |       6 |   0.0 |   122
               +---------+---------+-------+---------+---------+-------+---------
